cohdb
Replays
Latest Replays
All Replays
Popular Replays
Top Player Replays
Match Explorer
How It Works
Community
CoH3 Stats
Reddit
Sign in to upload your games and track your stats! →
Sign in with Steam
Match 45380926
Unlisted
Match 45380926
Overview
Messages
Build Orders
End
Construct Section Command Post
Selects Heavy Armor Battlegroup
Dingo Light Scout Car
Dingo Light Scout Car
Dingo Light Scout Car
Selects Rigorous Vehicle Training
Royal Engineer Section
Infantry Section
Construct Platoon Command Post
Humber Armored Car
Humber Armored Car
Selects Light Vehicle Withdraw and Refit
Unlock M3 Stuart Light Tanks
M3 Stuart Light Tank
Selects Radio Net
M3 Stuart Light Tank
Selects Forward Repair Assembly
M3 Stuart Light Tank
Construct Company Command Post
Selects Designate Targets
Designate Targets
Radio Net
Crusader II Medium Tank
Crusader II Medium Tank
Crusader II Medium Tank
[HAN]Diederick Kastner
bakedtester
TheBigChief69
CptDelaney
Jm200092
铁甲小兔
sonny
mooncat_black
0
0
Comments
sign in to comment!
No comments posted yet!